 Dungeon Crawl Stone Soup version 0.27.1-33-g824d729ab1 (webtiles) character file.

Game seed: 14555290016611215805

1555 halfoni the Chopper (level 9, -4/68 HPs)
             Began as a Human Berserker on Dec 20, 2021.
             Was a Priest of Trog.
             Slain by a gnoll (6 damage)
             ... on level 6 of the Dungeon on Dec 21, 2021.
             The game lasted 00:13:47 (7007 turns).

halfoni the Chopper (Human Berserker)               Turns: 7007, Time: 00:13:50

Health: -4/68      AC: 17    Str: 27    XL:     9   Next: 12%
Magic:  9/9        EV:  9    Int:  7    God:    Trog [***...]
Gold:   50         SH:  0    Dex: 13    Spells: 8/8 levels left

rFire    . . .     SeeInvis .   b - +0 war axe
rCold    . . .     Faith    .   (no shield)
rNeg     . . .     Spirit   .   f - +0 plate armour
rPois    .         Reflect  .   j - +2 hat
rElec    .         Harm     .   (no cloak)
rCorr    .         Rampage  .   w - +2 pair of gloves
Will     +....                  (no boots)
Stlth    ..........             (no amulet)
HPRegen  0.21/turn              o - ring of willpower
MPRegen  0.11/turn              q - +6 ring of strength

@: on berserk cooldown, slowed, very slow
A: no striking features
a: Renounce Religion, Berserk, Trog's Hand


You were on level 6 of the Dungeon.
You worshipped Trog.
Trog was most pleased with you.
You visited 1 branch of the dungeon, and saw 6 of its levels.

You collected 290 gold pieces.
You spent 240 gold pieces at shops.

Inventory:

Hand Weapons
 b - a +0 war axe (weapon)
Armour
 c - a +1 scale mail of willpower
 f - a +0 plate armour (worn)
 j - a +2 hat (worn)
 w - a +2 pair of gloves (worn)
Jewellery
 a - an amulet of magic regeneration
 e - a ring of magical power
 o - a ring of willpower (left hand)
 q - a +6 ring of strength (right hand)
Wands
 t - a wand of acid (8)
 u - a wand of digging (3)
Scrolls
 n - a scroll of amnesia
Potions
 d - 2 potions of brilliance
 i - a potion of berserk rage
 k - a potion of ambrosia
 m - a potion of flight
 p - 2 potions of mutation
 s - a potion of lignification {unknown}
 z - a potion of heal wounds {unknown}


   Skills:
 + Level 5.2 Fighting
 + Level 7.7 Axes
 + Level 5.8 Armour
 + Level 4.4 Dodging


You had 8 spell levels left.
You didn't know any spells.
Your spell library was empty.

Dungeon Overview and Level Annotations

Branches:
Dungeon (6/15)
 Temple: D:4-7

Altars:
Nemelex Xobeh
Okawaru
Ru

Shops:
D:2 *   D:6 **

Annotations:
D:4 3 runed translucent doors, Squirrel's ghost, amateur OpMo


Message History

You are too injured to fight recklessly!
You are too injured to fight recklessly!
You are too injured to fight recklessly!
You are too injured to fight recklessly!
You are too injured to fight recklessly!
You are too injured to fight recklessly!
You are too injured to fight recklessly!
You are too injured to fight recklessly!
You are too injured to fight recklessly!
You are too injured to fight recklessly!
You are too injured to fight recklessly!
You are too injured to fight recklessly!
You're still recovering from your berserk rage.
You closely miss the gnoll. The gnoll hits you with a +0 halberd!
* * * LOW HITPOINT WARNING * * *
The gnoll barely misses you.
You hit the gnoll but do no damage. The gnoll hits you with a +0 halberd!
* * * LOW HITPOINT WARNING * * *
The gnoll barely misses you. The gnoll hits you with a +0 halberd!
* * * LOW HITPOINT WARNING * * *
You completely miss the gnoll. The gnoll hits you but does no damage.
The gnoll barely misses you.
You completely miss the gnoll. The gnoll misses you.
The gnoll barely misses you. The gnoll hits you with a +0 halberd.
* * * LOW HITPOINT WARNING * * *
You slash the gnoll!
The gnoll is heavily wounded.
The gnoll is no longer moving quickly.
The gnoll barely misses you. The gnoll closely misses you.
You closely miss the gnoll.
The gnoll is heavily wounded.
The gnoll barely misses you. The gnoll hits you but does no damage.
Unknown command.
You hit the gnoll.
The gnoll is severely wounded.
A gnoll comes into view. It is wielding a +0 spear.
The gnoll hits you with a +0 halberd.
* * * LOW HITPOINT WARNING * * *
The gnoll hits you with a +0 halberd.
You die...

... ######......(..
?..### #....[.).......
......# #......##......
....... ##.....###...##.
....... ##.......##......
#...)####....##.........#
#....).#....##.........#
##.#..)...#.............
# ##).@..#.#...........
#...g...............#
##...#.............##
#...#.....#### #
...........# ..
............# ..
.........##... ##
.........## #.


You could see a gnoll.

Vanquished Creatures
  Menkaure (D:5)
  2 water moccasins (D:5)
  An ice beast (D:6)
  An ogre (D:5)
  An orc warrior (D:6)
  A phantom (D:4)
  Blork the orc (D:4)
  A kobold brigand (D:6)
  A gnoll sergeant (D:6)
  A water moccasin zombie (D:6)
  2 scorpions
  A bullfrog zombie (D:6)
  5 hounds
  2 gnoll shamans (D:6)
  Jessica (D:2)
  Natasha (twice) (D:4)
  An iguana (D:6)
  Robin (D:2)
  5 gnolls
  4 adders
  2 worms
  7 orcs
  7 ball pythons
  12 endoplasms
  9 giant cockroaches
  14 goblins
  11 hobgoblins
  9 kobolds
  6 quokkas
  5 bats
  5 frilled lizards
  7 rats
129 creatures vanquished.

Vanquished Creatures (others)
  2 demonic plants (D:2)
2 creatures vanquished.

Grand Total: 131 creatures vanquished

Notes
Turn   | Place    | Note
-------+----------+-------------------------------------------
     0 | D:1      | halfoni the Human Berserker began the quest for the Orb.
     0 | D:1      | Reached XP level 1. HP: 18/18 MP: 1/1
     0 | D:1      | Noticed a minotaur
     1 | D:1      | Noticed a vine stalker
     6 | D:1      | Noticed a merfolk zombie
     7 | D:1      | Noticed a felid
     8 | D:1      | Noticed a naga
    11 | D:1      | Noticed a barachi
    15 | D:1      | Noticed a naga
    21 | D:1      | Noticed a minotaur zombie
   233 | D:1      | Reached XP level 2. HP: 24/24 MP: 2/2
   996 | D:1      | Reached XP level 3. HP: 27/29 MP: 3/3
  1465 | D:2      | Noticed Robin
  1500 | D:2      | Reached ** piety under Trog
  1504 | D:2      | Killed Robin
  1507 | D:2      | Reached XP level 4. HP: 35/35 MP: 4/4
  2174 | D:2      | Found Surihom's General Store.
  2280 | D:2      | Reached skill level 4 in Axes
  2420 | D:2      | Noticed a Tzitzimitl
  2431 | D:2      | Found a faded altar of an unknown god.
  2628 | D:2      | Noticed Jessica
  2632 | D:2      | Killed Jessica
  2633 | D:2      | Reached XP level 5. HP: 42/42 MP: 5/5
  3233 | D:3      | Reached *** piety under Trog
  3513 | D:3      | Found a sacrificial altar of Ru.
  3596 | D:3      | Found a sparkling altar of Nemelex Xobeh.
  3673 | D:4      | Found a runed translucent gate.
  3673 | D:4      | Found a runed translucent gate.
  3678 | D:4      | Found a runed translucent gate.
  3681 | D:4      | Noticed Squirrel's ghost (amateur OpMo)
  3681 | D:4      | Noticed a bullfrog
  3727 | D:4      | Reached skill level 5 in Axes
  3727 | D:4      | Reached XP level 6. HP: 48/48 MP: 6/6
  4117 | D:4      | Found an iron altar of Okawaru.
  4259 | D:4      | Noticed Natasha
  4265 | D:4      | Reached XP level 7. HP: 54/54 MP: 7/7
  4267 | D:4      | Killed Natasha
  4394 | D:4      | Noticed Blork the orc
  4408 | D:4      | Killed Blork the orc
  4694 | D:4      | Noticed Natasha
  4703 | D:4      | Killed Natasha
  4955 | D:5      | Entered Level 5 of the Dungeon
  4973 | D:5      | Reached skill level 6 in Axes
  5151 | D:5      | Noticed a water moccasin
  5162 | D:5      | Killed a water moccasin
  5163 | D:5      | Reached XP level 8. HP: 61/61 MP: 8/8
  5663 | D:5      | Noticed Menkaure
  5668 | D:5      | Killed Menkaure
  6466 | D:6      | Found Logig's General Store.
  6469 | D:6      | Found Ymom's Specific Store.
  6479 | D:6      | Bought a +1 scale mail of willpower for 240 gold pieces
  6546 | D:6      | Reached skill level 5 in Fighting
  6546 | D:6      | Reached skill level 7 in Axes
  6546 | D:6      | Reached skill level 5 in Armour
  6866 | D:6      | Reached XP level 9. HP: 68/68 MP: 9/9
  7007 | D:6      | HP: 2/68 [gnoll (3)]
  7007 | D:6      | Slain by a gnoll

Illustrated notes

Levels and vault maps discovered:
D:1:      shiori_arrival_whats_in_store_for_you, layout_basic
D:2:      layout_basic, dreamdust_ecumenical_altar_sealed_demon, serial_shops,
          shop, minmay_tromino_mix6, uniq_robin, uniq_jessica
D:3:      layout_rooms, marbit_many_paths, nicolae_ru_the_path_less_chosen
D:4:      layout_loops_ring, mainiacjoe_overflow_surrounded_room,
          gammafunk_ghost_split, uniq_blork_the_orc, uniq_natasha
D:5:      layout_basic, uniq_menkaure
D:6:      minmay_opposing_rooms, layout_cave_pools,
          nicolae_dithmenos_shadow_blocks, serial_gnoll_camp,
          gnoll_camp_huts_basic, gnoll_camp_mini_house, gnoll_camp_mini_shop,
          gnoll_camp_mini_hut, nicolae_specific_store

Skill      XL: |  1  2  3  4  5  6  7  8 |
---------------+-------------------------+-----
Axes           | 4 5 6 7 |  7.7
Fighting       | 4 5 |  5.2
Armour         | 3 4 5 |  5.8
Dodging        | 3 4 |  4.4

Action                   |  1- 3 |  4- 6 |  7- 9 || total
-------------------------+-------+-------+-------++-------
Melee: Hand axe          |    78 |   189 |   149 ||   416
       War axe           |       |       |    25 ||    25
Invok: Berserk           |     2 |    10 |     8 ||    20
  Use: Scroll            |       |       |    13 ||    13
Armor: Animal skin       |     5 |       |       ||     5
       Ring mail         |     9 |    75 |    44 ||   128
       Scale mail        |       |       |     6 ||     6
       Plate armour      |       |       |    16 ||    16
Dodge: Dodged            |    45 |    93 |    99 ||   237
